 Dungeon Crawl Stone Soup version 0.30-a0-305-g026cb31310 (webtiles) character file.

Game seed: 5940249628096082535

1298 septik the Basher (level 8, -4/60 (64) HPs)
             Began as a Minotaur Berserker on Oct 23, 2022.
             Was a Priest of Trog.
             Slain by an orc warrior
             ... wielding a +0 halberd
              (6 damage)
             ... on level 5 of the Dungeon.
             The game lasted 00:12:53 (5481 turns).

septik the Basher (Minotaur Berserker)              Turns: 5481, Time: 00:12:53

HP:   -4/60 (64)    AC:  7    Str: 25    XL:     8   Next: 31%
MP:   7/7           EV: 10    Int:  4    God:    Trog [***...]
Gold: 196           SH:  0    Dex:  9    Spells: 7/7 levels left

rFire   . . .      SeeInvis .    I - +0 flail
rCold   . . .      Faith    .    (no shield)
rNeg    + . .      Spirit   .    s - +0 scale mail
rPois   .          Reflect  .    (helmet restricted)
rElec   .          Harm     .    J - +0 cloak
rCorr   .          Rampage  .    (no gloves)
Will    .....                    (no boots)
Stlth   ..........               (no amulet)
HPRegen 0.30/turn                h - ring of positive energy
MPRegen 0.10/turn                (no ring)

@: drained
A: horns 2, retaliatory headbutt
a: Renounce Religion, Berserk, Trog's Hand


You were on level 5 of the Dungeon.
You worshipped Trog.
Trog was most pleased with you.
You visited 1 branch of the dungeon, and saw 5 of its levels.
You also visited: Ossuary.

You collected 196 gold pieces.

Inventory:

Hand Weapons
 I - a +0 flail (weapon)
Missiles
 f - 35 stones (quivered)
 r - 2 poisoned darts
Armour
 p - a +0 plate armour
 s - a +0 scale mail (worn)
 J - a +0 cloak (worn)
Jewellery
 b - a ring of resist corrosion
 h - a ring of positive energy (left hand)
 x - the amulet of Lady Luck {Spirit Harm Str+4}
   (You found it on level 3 of the Dungeon)

   [amulet of guardian spirit]

   It causes incoming damage to be divided between your reserves of health and
   magic.
   Str:       It affects your strength (+4).
   Harm:      It increases damage dealt and taken.
 F - an amulet of faith
Scrolls
 c - a scroll of enchant armour {unknown}
 d - a scroll of blinking {unknown}
 e - 6 scrolls of identify {unknown}
 i - 3 scrolls of amnesia {unknown}
 k - 4 scrolls of teleportation {unknown}
 l - a scroll of fog {unknown}
 o - 2 scrolls of enchant weapon {unknown}
 q - 2 scrolls of poison {unknown}
 u - a scroll of fear {unknown}
 y - 2 scrolls of noise {unknown}
 C - 2 scrolls of summoning {unknown}
 E - a scroll of acquirement {unknown}
Potions
 a - a potion of berserk rage {unknown}
 g - 2 potions of haste {unknown}
 j - 4 potions of lignification {unknown}
 m - 3 potions of curing {unknown}
 n - a potion of invisibility {unknown}
 t - a potion of ambrosia {unknown}
 v - 2 potions of magic {unknown}
 w - a potion of attraction {unknown}
 z - 2 potions of might {unknown}
 A - a potion of flight {unknown}
 B - 2 potions of cancellation {unknown}
 D - a potion of degeneration {unknown}
 H - a potion of resistance {unknown}


   Skills:
 - Level 3.6 Fighting
 + Level 12.5 Maces & Flails
 - Level 2.4 Armour
 - Level 2.1 Dodging


You had 7 spell levels left.
You didn't know any spells.
Your spell library was empty.

Dungeon Overview and Level Annotations

Branches:
Dungeon (5/15)            Ossuary (visited)
 Temple: D:4-7

Altars:
Cheibriados
Gozag
Kikubaaqudgha
Qazlal
Wu Jian
Yredelemnul

Shops:
D:2 ?((


Innate Abilities, Weirdness & Mutations

You have a pair of horns on your head.
You reflexively headbutt those who attack you in melee.


Message History

You partially resist.
You feel drained.
You completely miss the orc priest.
You punch the orc priest, but do no damage.
The orc priest is moderately wounded.
You closely miss the orc priest. You headbutt the orc priest!
You kill the orc priest!
Trog accepts your kill.
You sock something! Trog accepts your kill.
Trog appreciates your killing of a magic user.
Reactivating autopickup.
You feel a bit more experienced.
Things that are here:
a +0 dagger; a +0 leather armour; an orc corpse The orc warrior hits you with a +0 halberd!
You sock the orc warrior!
The orc warrior is moderately wounded.
The orc warrior hits you with a +0 halberd!
You are too injured to fight recklessly!
You are too injured to fight recklessly!
You are too injured to fight recklessly!
You barely miss the orc warrior.
You headbutt the orc warrior, but do no damage.
The orc warrior is moderately wounded.
The orc warrior barely misses you.
You closely miss the orc warrior.
The orc warrior is moderately wounded.
You closely miss the orc warrior.
The orc warrior is moderately wounded.
The orc warrior hits you with a +0 halberd!
* * * LOW HITPOINT WARNING * * *
You closely miss the orc warrior.
The orc warrior is moderately wounded.
The orc warrior hits you with a +0 halberd!
* * * LOW HITPOINT WARNING * * *
You hit the orc warrior.
The orc warrior is moderately wounded.
The orc warrior hits you with a +0 halberd.
You die...

.......##....#..##....#
..........#...#.#...###
..............#<......#
.....#.............#..#
.................###.#####
......##.#.......#.#..#..#
....#....#.....).........#
....##.....##...).......##
....##.#..##....@........##
....#..#...##.[.o......#..#####
o..oo..##..............##.....#
....#..###...........#.....##.#
...>##..#......[......#####.#.#
.....##....)...)<....## ##..#
......#.....#.)).....# #..###
###.........###.#....# #..... .
.....#.....##......# #.#+#.


You could see an orc warrior.

Vanquished Creatures
  A wraith (Ossuary)
  A water moccasin (D:5)
  A black bear (D:4)
  2 ogres
  A phantom (D:5)
  A gnoll sergeant (D:5)
  2 scorpions (D:5)
  A centaur zombie (D:4)
  A jelly (D:4)
  An orc priest (D:5)
  A hound (D:4)
  An iguana (D:4)
  3 orc wizards (D:5)
  A hound zombie (D:4)
  3 mummies (Ossuary)
  12 gnolls
  6 adders
  2 worms (D:2)
  3 dart slugs
  7 orcs
  6 bats
  3 endoplasms
  6 giant cockroaches
  2 goblins (D:3)
  10 hobgoblins
  3 quokkas
  4 ball pythons
  2 frilled lizards
  3 goblin zombies (Ossuary)
  3 hobgoblin zombies (Ossuary)
  13 kobolds
  A kobold zombie (Ossuary)
  6 rats
113 creatures vanquished.

Notes
Turn   | Place    | Note
-------+----------+-------------------------------------------
     0 | D:1      | septik the Minotaur Berserker began the quest for the Orb.
     0 | D:1      | Reached XP level 1. HP: 19/19 MP: 0/0
    72 | D:1      | Reached skill level 4 in Maces & Flails
   128 | D:1      | Reached XP level 2. HP: 24/26 MP: 1/1
   859 | D:2      | Reached skill level 5 in Maces & Flails
   910 | D:2      | Found Ijunk's Weapon Shoppe.
  1290 | D:2      | Reached XP level 3. HP: 29/31 MP: 2/2
  1350 | D:2      | Found Meonn's Magic Scroll Emporium.
  1353 | D:2      | Found Riomul's Weapon Boutique.
  1544 | D:2      | Reached ** piety under Trog
  2242 | D:3      | Found a snail-covered altar of Cheibriados.
  2274 | D:3      | Found an opulent altar of Gozag.
  2274 | D:3      | Found an ancient bone altar of Kikubaaqudgha.
  2274 | D:3      | Found an ornate altar of the Wu Jian Council.
  2461 | D:3      | Reached skill level 6 in Maces & Flails
  2461 | D:3      | Reached XP level 4. HP: 39/39 MP: 3/3
  2549 | D:3      | Identified the amulet of Lady Luck {Spirit Harm Str+4}
  2573 | D:3      | Found a stormy altar of Qazlal.
  3009 | D:4      | Found a sand-covered staircase.
  3020 | D:4      | Noticed a black bear
  3024 | Ossuary  | Entered an ossuary
  3024 | Ossuary  | Noticed a wraith
  3024 | Ossuary  | Noticed a wraith
  3024 | Ossuary  | Noticed a wraith
  3094 | Ossuary  | Reached XP level 5. HP: 27/45 MP: 4/4
  3272 | Ossuary  | Noticed a wraith
  3282 | Ossuary  | Killed a wraith
  3283 | Ossuary  | Reached skill level 8 in Maces & Flails
  3283 | Ossuary  | Reached XP level 6. HP: 12/51 MP: 5/5
  3599 | D:4      | Reached skill level 9 in Maces & Flails
  3967 | D:4      | Reached XP level 7. HP: 57/57 MP: 6/6
  4148 | D:4      | Reached skill level 10 in Maces & Flails
  4512 | D:4      | Found a basalt altar of Yredelemnul.
  4884 | D:5      | Entered Level 5 of the Dungeon
  4932 | D:5      | Reached skill level 11 in Maces & Flails
  5045 | D:5      | Reached *** piety under Trog
  5191 | D:5      | Reached XP level 8. HP: 48/64 MP: 7/7
  5293 | D:5      | Reached skill level 12 in Maces & Flails
  5457 | D:5      | Identified the +1 ring mail of the Arcane {Will+ Regen+
                  | Str+4}
  5480 | D:5      | HP: 1/60 [orc warrior/+0 halberd (8)]
  5481 | D:5      | Slain by an orc warrior

Illustrated notes

Levels and vault maps discovered:
D:1:      amcnicky_arrival_abandoned_market, layout_basic,
          chequers_serial_rivers_room_b, chequers_garden
D:2:      layout_basic, serial_shops, nicolae_shop_waterfront,
          nicolae_shop_bloodbath_and_beyond, shop
D:3:      layout_rooms, mainiacjoe_overflow_cross_hatched,
          general_overflow_altar, gammafunk_temple_overflow_forgotten,
          minmay_pentomino_pile
D:4:      layout_loops_ring, lemuel_zombie_altar_yredelemnul,
          lightli_ossuary_entry_decrepit_ruins, chequers_serial_rivers_large_a
D:5:      layout_cave_pools, minmay_temple_entry_mini_moons,
          minmay_joined_circles, uniq_sigmund

Skill      XL: |  1  2  3  4  5  6  7  8 |
---------------+-------------------------+-----
Maces & Flails | 4 5 6 8 9 11 12 | 12.5
Fighting       | |  3.6
Armour         | |  2.4
Dodging        | |  2.1

Action                   |  1- 3 |  4- 6 |  7- 9 || total
-------------------------+-------+-------+-------++-------
Melee: Mace              |   119 |   114 |     9 ||   242
       Headbutt          |    12 |    16 |    21 ||    49
       Punch             |       |     1 |     1 ||     2
       Flail             |       |       |   117 ||   117
Throw: Stone             |       |     7 |       ||     7
Invok: Berserk           |     2 |     2 |     2 ||     6
Armor: Animal skin       |    31 |       |       ||    31
       Ring mail         |       |    31 |       ||    31
       Scale mail        |       |       |    32 ||    32
Dodge: Dodged            |    75 |    61 |    51 ||   187

Table legend: (Time is in decaauts)
 A = Elapsed time spent in this place.
 B = Non-inter-level travel time spent in this place.
 C = Inter-level travel time spent in this place.
 D = Time resting spent in this place.
 E = Time spent auto-exploring this place.
 F = Levels seen in this place.
 G = Mean time per level.
                   A        B        C        D        E       F      G
               +--------+--------+--------+--------+--------+-----+--------+
         Total |   5573 |   5379 |    194 |   1038 |   3278 |   6 |  928.8 |
       Dungeon |   4993 |   4799 |    194 |    906 |   2931 |   5 |  998.6 |
       Ossuary |    579 |    579 |      0 |    132 |    347 |   1 |  579.0 |
               +--------+--------+--------+--------+--------+-----+--------+

Top non-repeatable levels by time:
     D:4: 1623 daAuts
     D:2: 1335 daAuts
     D:1: 849 daAuts
     D:3: 833 daAuts
 Ossuary: 579 daAuts
     D:5: 351 daAuts
